 Dungeon Crawl Stone Soup version 0.28-a0-828-g0121872642 (webtiles) character file.

Game seed: 10002312071715645620

92 Harvester the Cudgeller (level 4, -1/39 HPs)
             Began as a Minotaur Fighter on Nov 11, 2021.
             Slain by Crazy Yiuf (6 damage)
             ... on level 2 of the Dungeon.
             The game lasted 00:01:05 (1684 turns).

Harvester the Cudgeller (Minotaur Fighter)          Turns: 1684, Time: 00:01:06

Health: -1/39      AC:  6    Str: 22    XL:     4   Next: 35%
Magic:  0/3        EV:  9    Int:  5    God:
Gold:   61         SH:  4    Dex:  9    Spells: 3/3 levels left

rFire   . . .      SeeInvis .   a - +0 flail
rCold   . . .      Faith    +   c - +0 buckler
rNeg    . . .      Spirit   .   b - +0 scale mail
rPois   .          Reflect  .   (helmet restricted)
rElec   .          Harm     .   (no cloak)
rCorr   .          Rampage  .   (no gloves)
Will    .....                   (no boots)
Stlth   ..........              g - amulet of faith
HPRegen 0.13/turn               (no ring)
MPRegen 0.08/turn               (no ring)

@: mighty
A: horns 2, retaliatory headbutt
a: no special abilities


You were on level 2 of the Dungeon.
You visited 1 branch of the dungeon, and saw 2 of its levels.

You collected 61 gold pieces.

Inventory:

Hand Weapons
 a - a +0 flail (weapon)
Armour
 b - a +0 scale mail (worn)
 c - a +0 buckler (worn)
Jewellery
 g - an amulet of faith (around neck)
Scrolls
 e - 2 scrolls of identify {unknown}
 f - a scroll of teleportation {unknown}
 h - a scroll of noise {unknown}
 i - a scroll of fog {unknown}


   Skills:
 - Level 3.6 Fighting
 + Level 5.6 Maces & Flails
 - Level 3.6 Armour
 - Level 3.6 Shields


You had 3 spell levels left.
You didn't know any spells.
Your spell library was empty.

Dungeon Overview and Level Annotations

Branches:
Dungeon (2/15)

Altars:

Annotations:
D:2 Crazy Yiuf


Innate Abilities, Weirdness & Mutations

You have a pair of horns on your head.
You reflexively headbutt those who attack you in melee.


Message History

No target in view!
No target in view!
No target in view!
No target in view!
No target in view!
No target in view!
No target in view!
No target in view!
No target in view!
No target in view!
No target in view!
No target in view!
No target in view!
No target in view!
No target in view!
You see here a bat corpse.
Key pressed, stopping explore.
Key pressed, stopping explore.
You see here 3 silver boomerangs.
You see here 3 silver boomerangs.
Crazy Yiuf shouts!
Crazy Yiuf says, "Crazy?
Crazy!?
PORCUPINE!"
Key pressed, stopping explore.
Could not explore, unopened runed door.
You open the door. You barely miss Crazy Yiuf.
You headbutt Crazy Yiuf, but do no damage.
Crazy Yiuf hits you with a +4 quarterstaff of chaos!
You feel your power leaking away.
You barely miss Crazy Yiuf.
Crazy Yiuf hits you with a +4 quarterstaff of chaos.
You are electrocuted!!
Ouch! That really hurt!
* * * LOW HITPOINT WARNING * * *
You sock Crazy Yiuf!
Crazy Yiuf is heavily wounded.
Crazy Yiuf closely misses you.
You feel very mighty all of a sudden.
Crazy Yiuf hits you with a +4 quarterstaff of chaos.
You die...

#.#.#.##....######........ ####
#.#.#..............#####.# ...#
#....†.......#####.#####.#
##.################## #.##.....
##.##...# #.##.##.#
........##♣♣♣♣♣ #........
.#.##....#..♣.♣♣♣ ### #.#..##.#
.#.###.......♣..♣#...# #..#.##..
...# #......♣♣♣♣@g...# #.#...#.#
######...#.♣♣ ♣♣#..)# ##....##.#
.....#.###♣♣ ### #........#
####.#.# #........# .....<.##
#.##......
.#>[....################.##......
.##.##...................##....##
.#.....#.######...####.........#
.##.#...## #...# #..#..#.#.##


You could see Crazy Yiuf.

Vanquished Creatures
  A howler monkey (D:2)
  An adder (D:2)
  A worm (D:2)
  A dart slug (D:1)
  4 orcs (D:2)
  A ball python (D:1)
  6 bats
  3 endoplasms
  3 goblins (D:1)
  5 hobgoblins
  A quokka (D:2)
  4 kobolds
  6 rats
37 creatures vanquished.

Notes
Turn   | Place    | Note
-------+----------+-------------------------------------------
     0 | D:1      | Harvester the Minotaur Fighter began the quest for the Orb.
     0 | D:1      | Reached XP level 1. HP: 19/19 MP: 0/0
   147 | D:1      | Reached skill level 3 in Maces & Flails
   305 | D:1      | Reached XP level 2. HP: 26/26 MP: 1/1
   457 | D:1      | Found a faded altar of an unknown god.
   509 | D:1      | Reached skill level 4 in Maces & Flails
   867 | D:2      | Noticed a howler monkey
   871 | D:2      | Killed a howler monkey
   872 | D:2      | Reached skill level 5 in Maces & Flails
   872 | D:2      | Reached XP level 3. HP: 31/31 MP: 2/2
   884 | D:2      | Found a runed translucent door.
   885 | D:2      | Noticed Crazy Yiuf
  1184 | D:2      | Reached XP level 4. HP: 36/39 MP: 3/3
  1684 | D:2      | Slain by Crazy Yiuf

Illustrated notes

Levels and vault maps discovered:
D:1:      ncdulo_smallfort, layout_basic, basic_ecumenical_altar
D:2:      layout_loops_cross, wad_orctagon, uniq_crazy_yiuf_cottage

Skill      XL: |  1  2 |
---------------+-------+-----
Maces & Flails | 3 5 |  5.6
Fighting       | |  3.6
Armour         | |  3.6
Shields        | |  3.6

Action                   |  1- 3 |  4- 6 || total
-------------------------+-------+-------++-------
Melee: Flail             |    60 |    32 ||    92
       Headbutt          |     9 |     4 ||    13
  Use: Potion            |       |     1 ||     1
Armor: Scale mail        |    21 |    21 ||    42
Dodge: Dodged            |    19 |    18 ||    37
Block: Buckler           |    17 |     7 ||    24

Table legend: (Time is in decaauts)
 A = Elapsed time spent in this place.
 B = Non-inter-level travel time spent in this place.
 C = Inter-level travel time spent in this place.
 D = Time resting spent in this place.
 E = Time spent auto-exploring this place.
 F = Levels seen in this place.
 G = Mean time per level.
                   A        B        C        D        E       F      G
               +--------+--------+--------+--------+--------+-----+--------+
         Total |   1700 |   1611 |     89 |      0 |   1381 |   2 |  850.0 |
       Dungeon |   1700 |   1611 |     89 |      0 |   1381 |   2 |  850.0 |
               +--------+--------+--------+--------+--------+-----+--------+

Top non-repeatable levels by time:
     D:2: 867 daAuts
     D:1: 833 daAuts
